 Dungeon Crawl Stone Soup version 0.23.0 (webtiles) character file.

Game seed: 12276516567384048140

11459 mhilhors the Frost Mage (level 11, -16/95 HPs)
             Began as a Pale Draconian Ice Elementalist on Feb 15, 2019.
             Was a High Priest of Vehumet.
             Shot with an arrow by a centaur warrior (26 damage)
             ... on level 11 of the Dungeon.
             The game lasted 01:09:54 (20486 turns).

mhilhors the Frost Mage (DrIE)                     Turns: 20486, Time: 01:09:55

Health: -16/95     AC: 12    Str: 12    XL:     11   Next: 49%
Magic:  15/17      EV: 15    Int: 21    God:    Vehumet [*****.]
Gold:   544        SH:  0    Dex: 11    Spells: 2/18 levels left

rFire    . . .     SeeInvis .   w - +2 dagger (venom)
rCold    . . .     Gourm    .   (no shield)
rNeg     . . .     Faith    .   (armour unavailable)
rPois    .         Spirit   .   x - +2 hat
rElec    .         Reflect  .   n - +0 cloak
rCorr    .         Harm     .   H - +1 pair of gloves {archery}
MR       .....                  (no boots)
Stlth    ++........             O - amulet of magic regeneration
HPRegen  0.25/turn              h - ring of wizardry
MPRegen  0.40/turn              p - +3 ring of intelligence

@: no status effects
A: breathe steam, unfitting armour, cold-blooded, AC +7
a: Breathe Steam, Renounce Religion


You were on level 11 of the Dungeon.
You worshipped Vehumet.
Vehumet was extremely pleased with you.
You were hungry.

You visited 2 branches of the dungeon, and saw 12 of its levels.
You also visited: Bailey.

You collected 650 gold pieces.
You spent 106 gold pieces at shops.

Inventory:

Hand Weapons
 a - a +0 short sword of protection
 b - a +2 shortbow of freezing
 e - a cursed -3 rapier
 w - a +2 dagger of venom (weapon)
 P - a +0 great sword
Missiles
 u - 14 tomahawks (quivered)
 D - 83 arrows
Armour
 n - a +0 cloak (worn)
 x - a +2 hat (worn)
 H - a +1 pair of gloves of archery (worn)
Jewellery
 c - an uncursed ring of protection from magic
 f - an uncursed ring of ice
 h - a ring of wizardry (left hand)
 i - an uncursed ring of protection from fire
 p - a +3 ring of intelligence (right hand)
 G - a +3 ring of evasion
 O - an amulet of magic regeneration (around neck)
Wands
 o - a wand of iceblast (14)
 q - a wand of digging (5)
 r - a wand of random effects (23)
 B - a wand of acid (4)
Scrolls
 g - 3 scrolls of enchant weapon
 k - 4 scrolls of remove curse
 l - a scroll of enchant armour
 s - a scroll of fog
 y - 2 scrolls of amnesia
 E - 2 scrolls of teleportation
 I - 5 scrolls of blinking
 J - a scroll of acquirement {unknown}
 K - a scroll of immolation {unknown}
Potions
 d - a potion of berserk rage
 j - 2 potions of might
 m - 2 potions of curing
 t - 3 potions of brilliance
 v - 2 potions of magic
 z - 2 potions of mutation
 A - 2 potions of ambrosia
 F - 2 potions of resistance
 L - a potion of flight {unknown}
 M - a potion of lignification {unknown}
Comestibles
 C - 23 rations
 N - 2 chunks of flesh


   Skills:
 + Level 8.6 Fighting
 + Level 7.5 Dodging
 - Level 1.7 Stealth
 - Level 4.1 Spellcasting
 + Level 5.5 Conjurations
 - Level 4.9 Summonings
 + Level 10.5 Ice Magic
 - Level 6.7 Air Magic


You had 2 spell levels left.
You knew the following spells:

 Your Spells              Type           Power        Failure   Level  Hunger
a - Freeze                Ice            ####         1%          1    None
b - Summon Ice Beast      Ice/Summ       #####...     1%          4    ####...
c - Shock                 Conj/Air       ####         1%          1    None
d - Throw Icicle          Conj/Ice       #####...     1%          4    ####...
e - Bolt of Cold          Conj/Ice       #####.....   8%          6    #######

Your spell library contained the following spells:

 Spells                   Type           Power        Failure   Level  Hunger
 Throw Frost              Conj/Ice       #####.       1%          2    #......
 Beastly Appendage        Tmut           #.....       4%          1    None
 Sticks to Snakes         Tmut           #.......     8%          2    #......
 Ozocubu's Armour         Chrm/Ice       ####....     1%          3    ###....
 Ice Form                 Ice/Tmut       ####....     6%          4    ####...
 Spider Form              Tmut/Pois      #.........   14%         3    ###....
 Blade Hands              Tmut           #.........   75%         5    ######.


Dungeon Overview and Level Annotations

Branches:
Dungeon (11/15)            Temple (1/1) D:4            Lair (0/6) D:8
    Orc (0/2) D:11

Altars:
Ashenzari
Cheibriados
Dithmenos
Elyvilon
Fedhas
Gozag
Hepliaklqana
Kikubaaqudgha
Makhleb
Nemelex Xobeh
Okawaru
Qazlal
Ru
Sif Muna
Trog
Uskayaw
Vehumet
Wu Jian
Xom
Yredelemnul
Zin
The Shining One
Beogh

Shops:
D:6 !?*   D:7 }   D:10 (


Innate Abilities, Weirdness & Mutations

You can breathe blasts of scalding, opaque steam.
Your pale cyan-grey scales are hard. (AC +7)
You cannot fit into any form of body armour.
You are cold-blooded and may be slowed by cold attacks.


Message History

The centaur warrior unwields the +8 great mace "Kufammuu" {vamp, rElec rPois}.
The centaur warrior wields the +6 shortbow of Owurph {velocity, rElec rF+ rC++ MP+9}.
The centaur warrior shoots an arrow.
The arrow hits you.
You see here an arrow.
The centaur warrior shoots an arrow.
The arrow hits you. The eight-headed hydra bites you!
The eight-headed hydra closely misses you.
The eight-headed hydra bites you but does no damage.
The eight-headed hydra misses you. The eight-headed hydra bites you.
The eight-headed hydra bites you!
* * * LOW HITPOINT WARNING * * *
The eight-headed hydra bites you but does no damage.
The eight-headed hydra misses you.
You see here an arrow.
The centaur warrior shoots an arrow.
The arrow hits you.
* * * LOW HITPOINT WARNING * * *
x2 You hear a loud, deep croak!
You see here an arrow.
The centaur warrior shoots an arrow.
The arrow hits you!!
You die...

# #..# .. #(W#
#r####+####+###(.#
.o.c.........).(.#
#......######.#
###..W()........#
#>...D###########
#..###(# #.. #@# #...
#.# ##..#####.##
########...#......##
..........#........##
....................#
........##..........#
........##..........#
.................)..#


You could see an eight-headed hydra, a centaur warrior and a wraith.

Vanquished Creatures
  Gastronok (D:8)
  An ogre mage (D:11)
  Eustachio (D:5)
  6 yaks (D:11)
  Menkaure (D:7)
  Duvessa (D:7)
  5 orc warriors
  3 sky beasts
  2 slaves (D:8)
  A black bear (D:10)
  2 ogres
  An ice beast (D:6)
  A necrophage (D:9)
  4 centaurs
  2 big kobolds
  4 bullfrogs
  3 scorpions
  A water moccasin skeleton (D:7)
  8 killer bees
  3 wights
  A howler monkey (D:4)
  A crimson imp (D:6)
  2 bullfrog zombies (D:10)
  5 hounds
  3 quasits
  3 orc priests
  6 bullfrog skeletons
  5 iguanas
  3 orc wizards
  6 worker ants
  A worker ant zombie (D:6)
  11 gnolls
  13 adders
  A howler monkey skeleton (D:8)
  2 shadow imps
  An ooze (D:7)
  2 adder skeletons
  5 dart slugs
  3 worms
  5 leopard geckos
  56 orcs
  6 giant cockroaches
  26 goblins
  22 hobgoblins
  13 jackals
  9 kobolds
  4 quokkas
  2 ball pythons
  6 bats
  8 frilled lizards
  A leopard gecko skeleton (D:6)
  A leopard gecko zombie (D:5)
  17 rats
301 creatures vanquished.

Vanquished Creatures (collateral kills)
  2 two-headed ogres
  A death yak (D:8)
  An unseen horror (D:10)
  Pikel (D:8)
  Joseph (D:7)
  A centaur skeleton (D:11)
  2 trolls
  2 hippogriffs
  A wraith (D:10)
  A wyvern (D:11)
  A steam dragon (D:9)
  A water moccasin (D:7)
  2 ice beasts (D:10)
  2 slaves (D:8)
  13 orc warriors
  2 hornet zombies
  3 phantoms
  3 ogres
  A crocodile (D:9)
  A centaur (D:6)
  A bullfrog (D:11)
  A gnoll sergeant (D:10)
  Dowan (D:7)
  A scorpion (D:5)
  A wight (D:8)
  6 killer bees
  2 howler monkeys (D:7)
  2 crimson imps
  A quasit (D:7)
  2 orc priests
  An iguana (D:7)
  2 hell rats (D:8)
  2 worker ants (D:8)
  7 gnolls
  17 orcs
  4 hobgoblins (Bailey)
  2 quokkas (D:8)
  2 goblins (Bailey)
  3 kobolds (D:8)
100 creatures vanquished.

Grand Total: 401 creatures vanquished

Notes
Turn   | Place    | Note
-------+----------+-------------------------------------------
     0 | D:1      | mhilhors the Draconian Ice Elementalist began the quest for
                  | the Orb.
     0 | D:1      | Reached XP level 1. HP: 14/14 MP: 3/3
   396 | D:1      | Reached XP level 2. HP: 17/20 MP: 0/5
  1099 | D:1      | Reached XP level 3. HP: 24/26 MP: 4/7
  1350 | D:2      | Reached skill level 4 in Ice Magic
  1582 | D:2      | Reached XP level 4. HP: 33/33 MP: 4/8
  2687 | D:3      | Found a hazy altar of Hepliaklqana.
  2751 | D:3      | Reached XP level 5. HP: 36/38 MP: 1/10
  2994 | D:3      | Found a shadowy altar of Dithmenos.
  3012 | D:3      | Found a shimmering altar of Xom.
  3609 | D:4      | Reached skill level 5 in Ice Magic
  3780 | D:4      | Learned a level 4 spell: Summon Ice Beast
  4181 | D:4      | Reached skill level 1 in Summonings
  4181 | D:4      | Reached XP level 6. HP: 45/45 MP: 8/12
  4706 | D:4      | Found a staircase to the Ecumenical Temple.
  4713 | Temple   | Entered the Ecumenical Temple
  4782 | Temple   | Became a worshipper of Vehumet
  5065 | D:4      | Noticed a hellwing
  5497 | D:5      | Entered Level 5 of the Dungeon
  5880 | D:5      | Reached skill level 6 in Ice Magic
  5880 | D:5      | Your scales start taking on a pale cyan-grey colour.
  5880 | D:5      | Reached XP level 7. HP: 23/50 MP: 7/13
  6777 | D:5      | Noticed Eustachio
  6848 | D:5      | Killed Eustachio
  7075 | D:6      | Reached skill level 7 in Ice Magic
  7275 | D:6      | Reached XP level 8. HP: 22/57 MP: 2/14
  7636 | D:6      | Found Fitwill's Distillery.
  7911 | D:6      | Bought a potion of heal wounds for 70 gold pieces
  7996 | D:6      | Reached skill level 8 in Ice Magic
  8031 | D:6      | Found Gozag's Platinum Reserve.
  8082 | D:6      | Found an opulent altar of Gozag.
  8214 | D:6      | Found Soneom's Magic Scroll Shop.
  8465 | D:6      | Reached * piety under Vehumet
  8465 | D:6      | Offered knowledge of Shock by Vehumet.
  8473 | D:6      | Learned a level 1 spell: Shock
  8478 | D:6      | Learned a level 4 spell: Throw Icicle
  8781 | D:6      | Bought a scroll of remove curse for 36 gold pieces
  8884 | D:7      | Reached skill level 1 in Fighting
  8884 | D:7      | Reached skill level 1 in Air Magic
  9316 | D:7      | Noticed Menkaure
  9323 | D:7      | Killed Menkaure
  9451 | D:7      | Noticed Joseph
  9492 | D:7      | Killed Joseph
  9712 | D:7      | Noticed a hippogriff
  9730 | D:7      | Killed a hippogriff
  9730 | D:7      | Reached XP level 9. HP: 69/69 MP: 3/15
  9855 | D:7      | HP: 3/70 [orc warrior/+0 battleaxe (13)]
 10232 | D:7      | Noticed Dowan
 10246 | D:7      | Killed Dowan
 10247 | D:7      | Noticed Duvessa
 10261 | D:7      | Killed Duvessa
 10261 | D:7      | Reached skill level 9 in Ice Magic
 10944 | D:7      | Offered knowledge of Flame Tongue by Vehumet.
 10965 | D:7      | Reached ** piety under Vehumet
 10993 | D:7      | Found a bloodstained altar of Trog.
 11038 | D:7      | Found Joegetil's Gadget Shoppe.
 12120 | D:8      | Found a staircase to the Lair.
 12120 | D:8      | Noticed a death yak
 12120 | D:8      | Noticed a death yak
 12120 | D:8      | Noticed a death yak
 12120 | D:8      | Noticed Gastronok
 13082 | D:8      | Reached skill level 5 in Air Magic
 13452 | D:8      | Killed Gastronok
 13452 | D:8      | Reached skill level 5 in Fighting
 13452 | D:8      | Reached skill level 5 in Dodging
 13452 | D:8      | Reached XP level 10. HP: 27/82 MP: 8/16
 14513 | D:8      | Offered knowledge of Throw Flame by Vehumet.
 14534 | D:8      | Noticed a two-headed ogre
 14548 | D:8      | Killed a two-headed ogre
 14548 | D:8      | Reached skill level 10 in Ice Magic
 14568 | D:8      | Noticed Pikel
 14588 | D:8      | Killed Pikel
 15041 | D:8      | Reached *** piety under Vehumet
 15185 | D:8      | Found a roughly hewn altar of Beogh.
 15390 | D:8      | Killed a death yak
 15868 | D:9      | Found a flagged portal.
 15873 | Bailey   | Entered a bailey
 15894 | Bailey   | Offered knowledge of Mephitic Cloud by Vehumet.
 16115 | Bailey   | Reached **** piety under Vehumet
 16126 | Bailey   | Offered knowledge of Fireball by Vehumet.
 16762 | Bailey   | Noticed an orc warlord
 16821 | Bailey   | HP: 3/86 [orc warrior/+0 war axe (16)]
 17876 | D:9      | Reached XP level 11. HP: 92/92 MP: 13/17
 18247 | D:9      | Reached ***** piety under Vehumet
 18265 | D:10     | Entered Level 10 of the Dungeon
 18312 | D:10     | Killed an unseen horror
 18566 | D:10     | Offered knowledge of Bolt of Cold by Vehumet.
 18585 | D:10     | Learned a level 6 spell: Bolt of Cold
 18880 | D:10     | Found Qexaf's Antique Weapon Shoppe.
 19170 | D:10     | Found a shattered altar of Ashenzari.
 19836 | D:10     | Noticed a two-headed ogre
 19850 | D:10     | Killed a two-headed ogre
 20180 | D:11     | Reached skill level 5 in Conjurations
 20283 | D:11     | Found a staircase to the Orcish Mines.
 20442 | D:11     | Noticed an ogre mage
 20470 | D:11     | Killed an ogre mage
 20480 | D:11     | Noticed an eight-headed hydra
 20482 | D:11     | Identified the +8 great mace "Kufammuu" {vamp, rElec rPois}
 20482 | D:11     | Identified the +6 shortbow of Owurph {velocity, rElec rF+
                  | rC++ MP+9}
 20482 | D:11     | Noticed a centaur warrior
 20486 | D:11     | Shot with an arrow by a centaur warrior

Skill      XL: |  1  2  3  4  5  6  7  8  9 10 11 |
---------------+----------------------------------+-----
Spellcasting   | 3 4 |  4.1
Ice Magic      | 4 5 6 7 8 9 10 | 10.5
Summonings     | 1 3 4 |  4.9
Fighting       | 3 5 7 8 |  8.6
Dodging        | 3 5 6 7 |  7.5
Air Magic      | 3 5 6 |  6.7
Conjurations   | 4 5 |  5.5
Stealth        | |  1.7

Action                   |  1- 3 |  4- 6 |  7- 9 | 10-12 || total
-------------------------+-------+-------+-------+-------++-------
Melee: Unarmed           |     5 |       |       |       ||     5
       Dagger            |    40 |   175 |    30 |   483 ||   728
       Tailslap          |     5 |    35 |    42 |    74 ||   156
       Short sword       |       |    73 |   383 |       ||   456
 Fire: Shortbow          |       |       |    26 |       ||    26
Throw: Stone             |     3 |       |       |       ||     3
       Throwing net      |       |     1 |     1 |       ||     2
       Tomahawk          |       |       |     6 |       ||     6
 Cast: Freeze            |    49 |    84 |    74 |     7 ||   214
       Summon Ice Beast  |       |     2 |    48 |    61 ||   111
       Shock             |       |       |     5 |    60 ||    65
       Throw Icicle      |       |       |     1 |    18 ||    19
       Bolt of Cold      |       |       |       |     6 ||     6
  Use: Scroll            |       |    12 |     7 |     4 ||    23
       Potion            |       |       |     2 |     2 ||     4
 Stab: Sleeping          |     3 |     3 |     4 |     2 ||    12
       Distracted        |       |       |     2 |     5 ||     7
  Eat: Chunk             |     2 |    11 |    20 |    35 ||    68
       Ration            |       |     1 |     4 |     1 ||     6
Armor: Skin              |    17 |    81 |   200 |   166 ||   464
Dodge: Dodged            |    36 |   184 |   339 |   384 ||   943
